Map: Cyber Forest LE

Players

Mestaman - Winner!

  • Race: Protoss Protoss
  • League: Master
  • Spawn Location: 11:00

Thames

  • Race: Protoss Protoss
  • League: Diamond
  • Spawn Location: 5:00

VOD

Have the link to the VOD?

Description

Time

  • Played on: April 27, 2019, 2:17 p.m.
  • Length: 11:31
Show
View Real Time Build Order
Export as new Build Order

Mestaman Protoss - Winner!

Build Orders: Phoenix Opening, Zealot Archon 

Get SALT Encoding   

  12  0:01  Probe  
  13  0:13  Probe  
  14  0:18  Pylon  
  14  0:25  Probe  
  15  0:34  Probe  
  15  0:37  Gateway  
  15  0:42  Probe  
  16  0:48  Assimilator  
  17  0:51  Probe  
  18  0:59  Assimilator  
  18  1:05  Probe  
  18  1:09  Gateway  
  19  1:17  Probe  
  20  1:24  Cybernetics Core  
  20  1:29  Probe  
  21  1:35  Pylon  
  21  1:41  Probe  
  22  1:51  Adept  
  22  1:53  Adept, Probe  
  23  2:00  Warp Gate  
  27  2:13  Probe  
  28  2:19  Pylon  
  28  2:23  Pylon  
  28  2:25  Probe  
  29  2:36  Stargate  
  29  2:41  Probe  
  29  2:43  Stalker, Sentry  
  34  2:54  Probe  
  35  3:08  Probe  
  36  3:18  Nexus  
  36  3:22  Phoenix  
  38  3:30  Probe  
  39  3:35  Pylon  
  39  3:53  Probe  
  40  3:56  Gateway  
  43  4:14  Phoenix  
  40  4:19  Twilight Council  
  40  4:23  Probe  
  41  4:31  Stalker x2  
  45  4:35  Probe  
  45  4:37  Blink  
  44  4:47  Probe  
  44  4:48  Probe  
  44  4:52  Forge  
  46  4:53  Pylon  
  46  4:56  Probe  
  46  5:00  Probe  
  46  5:02  Stalker  
  50  5:07  Probe  
  50  5:09  Robotics Facility  
  50  5:13  Sentry  
  53  5:14  Probe  
  53  5:19  Stalker, Probe  
  57  5:21  Protoss Ground Weapons Level 1  
  57  5:25  Probe  
  58  5:30  Probe  
  58  5:34  Probe  
  59  5:38  Probe  
  59  5:39  Gateway  
  59  5:42  Probe  
  61  5:48  Probe  
  62  5:52  Probe  
  62  5:53  Assimilator  
  64  5:58  Assimilator  
  64  5:59  Observer  
  66  6:04  Probe  
  66  6:06  Nexus  
  66  6:10  Pylon  
  66  6:11  Probe  
  67  6:16  Probe  
  67  6:17  Pylon  
  68  6:24  Gateway  
  68  6:27  Zealot  
  68  6:31  Pylon  
  70  6:33  Probe  
  70  6:34  Probe  
  70  6:37  Observer, Gateway  
  70  6:38  Charge  
  72  6:45  Probe  
  73  6:48  Templar Archives, Probe  
  73  6:50  Zealot x2  
  73  6:52  Zealot  
  80  6:57  Probe  
  80  7:00  Probe  
  82  7:09  Probe  
  82  7:12  Probe  
  84  7:21  Probe  
  85  7:23  Probe  
  85  7:26  Probe, Forge  
  85  7:27  Nexus  
  85  7:28  Pylon  
  87  7:30  Observer, Protoss Ground Weapons Level 2  
  87  7:32  Pylon  
  89  7:37  Probe  
  89  7:38  Assimilator, Probe  
  89  7:39  Probe  
  89  7:40  Assimilator, Protoss Shields Level 1  
  89  7:42  High Templar x4  
  99  7:49  Archon, Probe  
  99  7:50  Archon  
  100  7:53  Probe  
  100  7:54  Probe  
  102  8:01  Probe  
  102  8:05  Probe  
  104  8:07  Gateway  
  104  8:11  Probe  
  104  8:12  Gateway x2  
  105  8:15  Pylon  
  105  8:16  Probe  
  105  8:17  Warp Prism  
  105  8:18  Probe  
  109  8:23  Probe  
  110  8:29  Probe  
  110  8:33  Probe  
  112  8:35  Probe  
  112  8:37  High Templar x2  
  112  8:39  Zealot x3  
  123  8:42  Archon, Pylon  
  123  8:43  Probe  
  123  8:44  Probe  
  125  8:50  Assimilator  
  125  8:52  Photon Cannon  
  125  8:54  Photon Cannon, Assimilator  
  125  8:57  Pylon  
  125  9:01  Probe  
  125  9:02  Probe x2  
  128  9:03  Probe  
  128  9:09  High Templar x3, Observer  
  135  9:10  High Templar x2  
  135  9:13  Probe  
  135  9:14  Archon x2  
  135  9:16  Zealot x4  
  148  9:18  Probe  
  149  9:28  Photon Cannon  
  149  9:29  Nexus  
  149  9:31  Pylon  
  149  9:41  High Templar  
  149  9:42  High Templar x2  
  149  9:44  High Templar  
  149  9:45  High Templar, Zealot  
  159  9:46  Zealot  
  159  9:47  Archon  
  159  9:49  Archon  
  159  9:50  Pylon  
  159  9:51  Archon  
  163  9:53  Photon Cannon  
  163  9:54  Shield Battery, Observer, Pylon  
  163  9:57  Pylon  
  163  10:00  Photon Cannon  
  163  10:01  Probe, Dark Shrine  
  163  10:03  Probe  
  165  10:08  Photon Cannon  
  165  10:10  Shield Battery  
  165  10:11  Assimilator  
  165  10:12  Zealot x2, Probe  
  165  10:13  Zealot x2  
  174  10:17  Assimilator  
  174  10:24  Shield Battery  
  174  10:35  Zealot x9  
  186  10:51  Probe  
  186  10:53  Probe  
  176  11:03  High Templar x2  
  176  11:04  High Templar x4  
  182  11:05  High Templar  
  182  11:06  High Templar  
  182  11:08  Zealot, Archon  
  182  11:09  Archon x2  
  182  11:10  Archon  
  182  11:11  Probe  
  189  11:16  Probe  
  189  11:17  Probe  
  191  11:21  Gateway  
  191  11:23  Gateway  
  185  11:24  Gateway  
  185  11:29  Gateway  
  185  11:30  Pylon  
Show
View Real Time Build Order
Export as new Build Order

Thames Protoss 

Build Orders: Oracle Opening 

Get SALT Encoding   

  12  0:01  Probe  
  13  0:13  Probe  
  14  0:20  Pylon  
  14  0:25  Probe  
  15  0:38  Probe  
  15  0:41  Gateway  
  16  0:46  Assimilator  
  16  0:50  Probe  
  17  0:58  Probe  
  17  1:00  Assimilator  
  18  1:06  Probe  
  19  1:16  Pylon  
  19  1:17  Probe  
  20  1:29  Cybernetics Core, Probe  
  21  1:38  Probe  
  21  1:46  Probe  
  23  1:56  Stalker  
  23  1:58  Probe  
  26  2:11  Probe  
  27  2:24  Probe  
  28  2:33  Stargate  
  28  2:36  Stargate  
  27  2:51  Pylon  
  26  2:54  Pylon  
  26  3:00  Shield Battery  
  26  3:06  Stalker  
  26  3:12  Pylon  
  28  3:17  Oracle  
  31  3:34  Oracle  
  31  3:37  Pylon  
  34  3:59  Oracle  
  37  4:05  Pylon  
  37  4:24  Warp Gate  
  37  4:26  Stalker  
  36  4:51  Nexus  
  36  4:52  Void Ray  
  36  4:53  Pylon  
  36  4:54  Gateway  
  36  4:57  Gateway  
  40  5:06  Pylon  
  40  5:13  Shield Battery  
  40  5:20  Void Ray  
  44  5:39  Void Ray  
  48  5:57  Probe  
  48  6:00  Pylon  
  48  6:03  Assimilator  
  48  6:05  Assimilator  
  48  6:12  Shield Battery  
  48  6:13  Probe  
  48  6:16  Pylon  
  49  6:18  Probe  
  49  6:21  Probe  
  51  6:40  Probe  
  51  6:41  Probe  
  53  6:49  Sentry x2  
  53  6:52  Probe  
  53  6:53  Probe  
  59  7:01  Probe  
  59  7:02  Probe  
  59  7:06  Protoss Air Weapons Level 1  
  61  7:09  Probe  
  61  7:10  Probe  
  63  7:19  Probe  
  63  7:20  Forge  
  63  7:21  Probe  
  65  7:31  Probe  
  65  7:36  Probe  
  67  7:41  Nexus  
  67  7:44  Probe  
  68  7:50  Sentry  
  70  7:54  Protoss Shields Level 1  
  70  8:01  Probe x2  
  70  8:03  Pylon  
  72  8:10  Void Ray  
  76  8:13  Probe x2  
  78  8:28  Probe x2  
  78  8:29  Assimilator  
  78  8:30  Assimilator  
  80  8:39  Void Ray  
  80  8:41  Probe  
  85  8:58  Probe x3  
  88  9:05  Pylon  
  88  9:06  Void Ray  
  92  9:10  Shield Battery  
  92  9:15  Protoss Air Armor Level 1  
  92  9:20  Nexus  
  92  9:23  Probe x2  
  94  9:36  Twilight Council  
  94  9:39  Pylon  
  94  9:40  Probe x2  
  96  9:49  Nexus  
  96  10:01  Robotics Facility  
  96  10:03  Gateway  
  96  10:06  Pylon  
  96  10:07  Probe x2  
  96  10:12  Probe, Pylon  
  99  10:20  Probe x2  
  101  10:24  Probe  
  102  10:32  Probe x2  
  104  10:36  Probe  
  104  10:38  Assimilator  
  104  10:40  Assimilator  
  104  10:42  Stalker, Dark Shrine  
  105  10:44  Templar Archives  
  107  10:54  Stalker x2  
  88  11:15  Nexus  
Tags
 
Add a new tag
Caveats
  • Supply blocks, unpowered buildings, or Contaminate may cause inaccurate times.
  • Supply counts are checked every 10 seconds.